 Dungeon Crawl Stone Soup version 0.29-a0-243-g602b31c20e (webtiles) character file.

Game seed: 1072028557098443034

66 gruber the Shooter (level 4, -2/26 HPs)
             Began as a Tengu Hunter on Mar 5, 2022.
             Killed from afar by Natasha (6 damage)
             ... with a puff of flame
             ... on level 4 of the Dungeon.
             The game lasted 00:01:38 (1783 turns).

gruber the Shooter (Tengu Hunter)                   Turns: 1783, Time: 00:01:39

Health: -2/26      AC:  4    Str: 13    XL:     4   Next: 15%
Magic:  3/5        EV: 12    Int: 11    God:
Gold:   55         SH:  0    Dex: 16    Spells: 2/3 levels left

rFire   . . .      SeeInvis .   a - +1 shortbow
rCold   . . .      Faith    .   (shield currently unavailable)
rNeg    . . .      Spirit   .   b - +0 leather armour
rPois   .          Reflect  .   (helmet restricted)
rElec   .          Harm     .   d - +0 cloak
rCorr   .          Rampage  .   (no gloves)
Will    .....                   (boots unavailable)
Stlth   ++........              (no amulet)
HPRegen 0.08/turn               (no ring)
MPRegen 0.09/turn               (no ring)

@: no status effects
A: beak, talons 3
a: no special abilities


You were on level 4 of the Dungeon.
You visited 1 branch of the dungeon, and saw 4 of its levels.

You collected 55 gold pieces.

Inventory:

Hand Weapons
 a - a +1 shortbow (weapon)
 e - a +1 dagger of holy wrath
Armour
 b - a +0 leather armour (worn)
 d - a +0 cloak (worn)
Scrolls
 c - 2 scrolls of amnesia {unknown}
 g - a scroll of immolation {unknown}
 h - 2 scrolls of identify {unknown}
 i - 2 scrolls of noise {unknown}
 j - a scroll of blinking {unknown}
Potions
 f - a potion of berserk rage {unknown}


   Skills:
 - Level 2.0 Fighting
 + Level 6.1 Bows
 - Level 2.1 Dodging
 - Level 1.0 Stealth


You had 2 spell levels left.
You knew the following spells:

 Your Spells              Type           Power      Damage    Failure   Level
a - Slow                  Hex            0%         N/A       41%         1

Your spell library contained the following spells:

 Spells                   Type           Power      Damage    Failure   Level
 Confusing Touch          Hex            0%         N/A       80%         3
 Vampiric Draining        Necr           0%         2d6       80%         3


Dungeon Overview and Level Annotations

Branches:
Dungeon (4/15)
 Temple: D:4-7

Altars:

Annotations:
D:3 Grinder
D:4 1 runed translucent door, Duvessa, Natasha


Innate Abilities, Weirdness & Mutations

You have a beak for a mouth.
You have claws for feet.


Message History

Press: ? - help, Q - select action, (/) - cycle Shift-Dir - straight line, f - rat
Aim: a rat (65% to hit)
You shoot an arrow. The arrow hits the rat!
You kill the rat!
Shoot: a) +1 shortbow
Press: ? - help, Q - select action, (/) - cycle Shift-Dir - straight line, f - you Really target yourself? [Y]es or [N]o only, please.
Really target yourself?
Okay, then.
Unknown command.
Grinder is nearby!
Shoot: a) +1 shortbow
Press: ? - help, Q - select action, (/) - cycle Shift-Dir - straight line, f - Grinder
Aim: Grinder (lightly wounded, 62% to hit)
You shoot an arrow. The arrow closely misses Grinder.
Grinder blinks!
Shoot: a) +1 shortbow
Press: ? - help, Q - select action, (/) - cycle Shift-Dir - straight line, f - you Really target yourself? [Y]es or [N]o only, please.
Really target yourself?
Okay, then.
Shoot: a) +1 shortbow
Press: ? - help, Q - select action, (/) - cycle Shift-Dir - straight line, f - you Really target yourself? [Y]es or [N]o only, please.
Really target yourself?
Okay, then.
Unknown command.
You see here a ball python corpse.
There is a stone staircase leading down here.
You climb downwards.
Duvessa shouts!
You hear a shout!
Found 16 gold pieces.
Found a runed translucent door.
There is a stone staircase leading up here.
Natasha, Servant of Life and Death comes into view.
She is carrying a wand of flame (23).
Natasha zaps a wand.
The puff of flame misses you.
Natasha zaps a wand.
The puff of flame hits you.
You die...

#. .##. .....
..... .# ......
...# ......#
...# .......###
...#
...h...@.###...#
.........##....#
≈w#
.....#.#......#
≈≈# ....
#.#....####≈≈≈#
###
###.......#≈≈≈#
.
#.....#.###+##..
#.......#.....#
##......e..$#
#....#..<.#e.#


You could see Natasha.

Vanquished Creatures
  An adder (D:2)
  A gnoll (D:1)
  2 dart slugs (D:1)
  3 ball pythons
  6 endoplasms
  3 giant cockroaches (D:2)
  4 goblins
  A hobgoblin (D:1)
  2 quokkas
  5 bats
  3 frilled lizards
  2 kobolds (D:1)
  8 rats
41 creatures vanquished.

Notes
Turn   | Place    | Note
-------+----------+-------------------------------------------
     0 | D:1      | gruber the Tengu Hunter began the quest for the Orb.
     0 | D:1      | Reached XP level 1. HP: 12/12 MP: 2/2
   195 | D:1      | Reached XP level 2. HP: 17/17 MP: 3/3
   277 | D:1      | Reached skill level 5 in Bows
   617 | D:1      | Reached XP level 3. HP: 21/21 MP: 4/4
   991 | D:2      | HP: 1/21 [poisoned by an adder]
  1295 | D:2      | Learned a level 1 spell: Slow
  1339 | D:2      | Found a faded altar of an unknown god.
  1340 | D:2      | Noticed a floating eye
  1344 | D:2      | Noticed a shining eye
  1344 | D:2      | Noticed an eye of devastation
  1344 | D:2      | Noticed a floating eye
  1410 | D:2      | Reached skill level 6 in Bows
  1450 | D:2      | Reached XP level 4. HP: 26/26 MP: 5/5
  1739 | D:3      | Noticed Grinder
  1758 | D:3      | Paralysed by Grinder for 2 turns
  1761 | D:3      | Paralysed by Grinder for 5 turns
  1775 | D:4      | Noticed Duvessa
  1775 | D:4      | Found a runed translucent door.
  1780 | D:4      | Noticed Natasha
  1783 | D:4      | Killed from afar by Natasha

Illustrated notes

Levels and vault maps discovered:
D:1:      moated_graveyard_arrival, layout_loops_cross, hangedman_decor_push,
          minmay_tiny_reverse_x
D:2:      layout_rooms, hellmonk_ecumenical_altar_watching_god,
          minmay_worlds_worst_comb
D:3:      layout_loops_ring, glass_columns_a, kennysheep_nub, uniq_grinder
D:4:      layout_cave_pools, minmay_temple_entry_butterflies, serial_shops,
          nicolae_square_shop, ebering_ghost_sewer_f, uniq_duvessa, uniq_natasha

Skill      XL: |  1  2  3 |
---------------+----------+-----
Bows           | 5 6 |  6.1
Fighting       | |  2.0
Dodging        | |  2.1
Stealth        | |  1.0

Action                   |  1- 3 |  4- 6 || total
-------------------------+-------+-------++-------
 Fire: Shortbow          |    66 |    22 ||    88
 Cast: Slow              |       |     3 ||     3
Armor: Leather armour    |    11 |     2 ||    13
Dodge: Dodged            |    15 |     6 ||    21

Table legend: (Time is in decaauts)
 A = Elapsed time spent in this place.
 B = Non-inter-level travel time spent in this place.
 C = Inter-level travel time spent in this place.
 D = Time resting spent in this place.
 E = Time spent auto-exploring this place.
 F = Levels seen in this place.
 G = Mean time per level.
                   A        B        C        D        E       F      G
               +--------+--------+--------+--------+--------+-----+--------+
         Total |   1805 |   1703 |    102 |    112 |   1334 |   4 |  451.2 |
       Dungeon |   1805 |   1703 |    102 |    112 |   1334 |   4 |  451.2 |
               +--------+--------+--------+--------+--------+-----+--------+

Top non-repeatable levels by time:
     D:1: 992 daAuts
     D:2: 745 daAuts
     D:3: 60 daAuts
     D:4: 7 daAuts
